 Dungeon Sprint DCSS version 0.19.5 (webtiles) character file.

15242 equalderp2856 the Eviscerator (level 11, -16/53 HPs)
             Began as a Felid Fighter on Mar 10, 2017.
             Was an Initiate of Gozag.
             Killed from afar by a hellephant (69 damage)
             ... with a blast of flame
             ... in the Dungeon (Sprint VII: "The Pits").
             The game lasted 00:24:18 (4313 turns).

equalderp2856 the Eviscerator (Felid Fighter)       Turns: 4313, Time: 00:24:19

Health: -16/53     AC:  3    Str: 16    XL:     11   Next: 99%
Magic:  0/25       EV: 36    Int: 13    God:    Gozag
Gold:   7623       SH:  0    Dex: 19    Spells: 1 memorised, 23 levels left
                                        Lives:  0   Deaths: 3

rFire  . . .     SeeInvis +       - Unarmed
rCold  + . .     Gourm    .     (armour unavailable)
rNeg   . . .     Faith    .     (shield unavailable)
rPois  .         Spirit   +     (helmet unavailable)
rElec  +         Reflect  .     (cloak unavailable)
rCorr  .         Harm     .     (gloves unavailable)
MR     +....     NoTele   +     (boots unavailable)
Stlth  +++++.....               u - amulet of Gusoonarow {Spirit rElec Str+3}
                                n - +3 ring of dexterity
                                m - +3 ring of evasion

@: gold aura, bribing [the Dungeon], quick
A: no armour, no weapons or thrown items, stealth, claws 1, fangs 3, see
invisible, carnivore 3, speed 1, shaggy fur 3, slow metabolism 1, sharp paws
a: Potion Petition, Call Merchant, Bribe Branch, Renounce Religion


You were in the Dungeon.
You worshipped Gozag.
Gozag was greatly pleased with you.
You were not hungry.

You visited 1 branch You collected 16623 gold pieces.
You paid 9000 gold pieces to Gozag.

Inventory:

Jewellery
 l - the ring "Aneytiq" {*Drain rElec rPois rC+++ Int+6}
   (You found it in the Dungeon)

   [ring of intelligence]

   It affects your intelligence (+6).
   It renders you almost immune to cold.
   It insulates you from electricity.
   It protects you from poison.
   It causes draining when unequipped.
 m - a +3 ring of evasion (left paw)
 n - a +3 ring of dexterity (right paw)
 q - the ring "Qecseguq" {rPois MR+}
   (You found it in the Dungeon)

   [ring of poison resistance]

   It protects you from poison.
   It affects your resistance to hostile enchantments.
 r - the ring of Owaur {MR+ EV+6 Dex+2}
   (You found it in the Dungeon)

   [ring of evasion]

   It affects your evasion (+6).
   It affects your dexterity (+2).
   It affects your resistance to hostile enchantments.
 s - the ring of Bonoduco {Wiz MR+}
   (You found it in the Dungeon)

   [ring of wizardry]

   It improves your spell success rate.
   It affects your resistance to hostile enchantments.
 u - the amulet of Gusoonarow (around neck) {Spirit rElec Str+3}
   (You found it in the Dungeon)

   [amulet of guardian spirit]

   It causes incoming damage to be split between your health and magic.
   It affects your strength (+3).
   It insulates you from electricity.
Scrolls
 i - 3 scrolls of remove curse
 j - 5 scrolls of amnesia
Potions
 a - 3 potions of might
 c - a potion of curing
 d - 2 potions of invisibility
 e - a potion of haste
 f - 4 potions of magic
 g - 4 potions of berserk rage
 o - a potion of cure mutation
 p - a potion of brilliance
Books
 t - a book of Power

   Spells                             Type                      Level
   a - Fulminant Prism                Conjuration/Hexes            4
   b - Iskenderun's Mystic Blast      Conjuration                  4
   c - Venom Bolt                     Conjuration/Poison           5
   d - Bolt of Magma                  Conjuration/Fire/Earth       5
   e - Iron Shot                      Conjuration/Earth            6
   f - Orb of Destruction             Conjuration                  7
   g - Spellforged Servitor           Conjuration/Summoning        7
Comestibles
 b - 7 meat rations


   Skills:
 - Level 9.6 Fighting
 - Level 16.7 Dodging
 - Level 10.1 Stealth
 - Level 22.5 Unarmed Combat
 * Level 9.9 Spellcasting
 * Level 9.9 Conjurations
 * Level 9.8 Earth Magic


You had 23 spell levels left.
You knew the following spells:

 Your Spells              Type           Power        Failure   Level  Hunger
a - Iron Shot             Conj/Erth      ####......   34%         6    #######


Dungeon Overview and Level Annotations

Branches:
Dungeon (1/1)

Altars:
Ashenzari
Cheibriados
Dithmenos
Elyvilon
Fedhas
Gozag
Hepliaklqana
Kikubaaqudgha
Makhleb
Nemelex Xobeh
Okawaru
Qazlal
Ru
Sif Muna
Trog
Uskayaw
Vehumet
Xom
Yredelemnul
Zin
The Shining One
Beogh
Jiyva
Lugonu

Annotations:
D Nikola


Innate Abilities, Weirdness & Mutations

You cannot wear armour.
You are incapable of wielding weapons or throwing items.
Your paws allow you to move quietly. (Stealth)
You have sharp claws.
You have razor-sharp teeth.
You have supernaturally acute eyesight. (SInv)
You are carnivorous and can eat meat at any time.
You cover ground quickly.
Your thick and shaggy fur keeps you warm. (AC +3, rC+)
You have a slow metabolism.
Your sharp claws are effective at attacking unaware monsters.


Message History

a war axe of electrocution; a chain mail Something tramples your vault guard!!
Your vault guard stumbles backwards!
Your vault guard hits the hellephant but does no damage.
The hellephant is poisoned.
The hellephant blinks!
You now have 7623 gold pieces (gained 288).
Things that are here:
a long sword; a bardiche; a chain mail Your vault guard hits the hellephant but does no damage.
The hellephant looks as sick as possible!
The hellephant tramples your vault guard!
Your vault guard stumbles backwards!
Your vault guard dies!
Things that are here:
45 gold pieces; an enchanted war axe; a plate armour The hellephant breathes flames at you.
The blast of flame hits you!
Ouch! That really hurt!
You die...
Your body crumbles into a pile of gold.

..................$..............
............p.......Y....4......)
.##############''##############..
.# #))<<#......# #.. .#
##)'##......# # #.. .#
#))))#..Y...# ... #.. .#
####(..)###$.###.... #.. .#
+.......)..)........ #.. .#
####....)..$@$.$.... #). .#
#..####.$..####.. #.e .# #4.#
#..$.# #). .# #..+ ##$.## #)$ ##
#### #### #)) #################[)
##..)##===..===##$)) $$ .
#:.(.[##==..==##$.)# ## #..
##.##..###''###.$.##


You could see a hellephant.

Vanquished Creatures
  An electric golem (D)
  A red draconian (D)
  Erolcha (D)
  A vault guard (D)
  An alligator snapping turtle (D)
  An ogre mage (D)
  An orc high priest (D)
  Sonja (D)
  A shadow wraith (D)
  A sea snake (D)
  A hill giant (D)
  A lindwurm (D)
  An orc knight (D)
  A manticore (D)
  A black mamba (D)
  A spiny frog (D)
  A komodo dragon (D)
  2 demonic crawlers (D)
  A troll (D)
  A hellwing (D)
  A two-headed ogre (D)
  A hippogriff (D)
  7 yaks (D)
  A redback (D)
  A basilisk (D)
  A tarantella (D)
  A fire bat (D)
  A warg (D)
  A soldier ant (D)
  2 floating eyes (D)
  An eye of draining (D)
  An ogre (shapeshifter) (D)
  3 orc warriors (D)
  3 ogres (D)
  A wolf (D)
  A gnoll sergeant (D)
  5 wights (D)
  A jelly (D)
  An orc priest (D)
  Ijyb (D)
  3 worker ants (D)
  6 gnolls (D)
  A river rat (D)
  A white imp (D)
  An ufetubus (D)
  An ooze (D)
  A worm (D)
  2 orcs (D)
  A giant cockroach (D)
  3 goblins (D)
  A kobold (D)
  A quokka (D)
  A ball python (D)
  A frilled lizard (D)
  A rat (D)
81 creatures vanquished.

Vanquished Creatures (collateral kills)
  A pandemonium lord (D)
  2 liches (D)
  A Brimstone Fiend (D)
  A sphinx (D)
  A nagaraja (D)
  A storm dragon (D)
  2 draconian knights (D)
  2 fire giants (D)
  A ghost moth (D)
  A vampire knight (D)
  A deep elf annihilator (D)
  A purple draconian (D)
  A lorocyproca (D)
  3 deep elf death magi (D)
  A yellow draconian (D)
  A blizzard demon (D)
  A green death (D)
  2 deep elf high priests (D)
  2 mummy priests (D)
  2 naga warriors (D)
  A hell beast (D)
  A vampire mage (D)
  An ogre mage (D)
  2 death yaks (D)
  A spriggan druid (D)
  An unseen horror (D)
  A naga ritualist (D)
  3 orc knights (D)
  A wolf spider (D)
  An ugly thing (D)
  A blink frog (D)
  A two-headed ogre (D)
  An air elemental (D)
  A ynoxinul (D)
  7 yaks (D)
  A water elemental (D)
  A naga (D)
  A hell hound (D)
  An ice beast (D)
  A jelly (D)
  2 orcs (D)
59 creatures vanquished.

Vanquished Creatures (others)
  An ancient lich (D)
  A Killer Klown (D)
  A profane servitor (D)
  2 bone dragons (D)
  2 liches (D)
  A pandemonium lord (D)
  A titan (D)
  A deep elf master archer (D)
  A sphinx (D)
  Frances (D)
  A draconian monk (D)
  Polyphemus (D)
  Donald (D)
  A draconian knight (D)
  2 frost giants (D)
  A deep elf sorcerer (D)
  A balrug (D)
  An emperor scorpion (D)
  A draconian zealot (D)
  3 orc warlords (D)
  An angel (D)
  A spriggan defender (D)
  A vampire knight (D)
  A draconian caller (D)
  A lorocyproca (D)
  An apis (D)
  2 deep elf annihilators (D)
  A red draconian (D)
  A white draconian (D)
  A purple draconian (D)
  An ettin (D)
  A blizzard demon (D)
  A minotaur (D)
  A deep elf death mage (D)
  A merfolk javelineer (D)
  An ogre mage (D)
  A yaktaur captain (D)
  2 vault guards (D)
  4 naga warriors (D)
  An alligator snapping turtle (D)
  An ice dragon (D)
  A death knight (D)
  2 dancing weapons (D)
  A death yak (D)
  A soul eater (D)
  Nergalle (D)
  3 deep elf knights (D)
  2 sun demons (D)
  3 hell knights (D)
  A shadow wraith (D)
  A phantasmal warrior (D)
  A wizard (D)
  A lindwurm (D)
  2 necromancers (D)
  A swamp dragon (D)
  7 orc knights (D)
  A manticore (D)
  2 deep elf magi (D)
  An ugly thing (D)
  2 salamanders (D)
  3 two-headed ogres (D)
  An eye of devastation (D)
  A naga mage (D)
  2 spiny frogs (D)
  A hippogriff (D)
  An ice devil (D)
  4 merfolk (D)
  A red devil (D)
  2 wind drakes (D)
  A redback (D)
  A wraith (D)
  A vampire (D)
  A basilisk (D)
  A yak (D)
  A golden eye (D)
  A neqoxec (D)
  A chaos spawn (D)
  4 vampire mosquitoes (D)
  2 nagas (D)
  4 hell hounds (D)
  A floating eye (D)
  5 orc warriors (D)
  6 ogres (D)
  A jelly (D)
  An orc wizard (D)
  2 adder skeletons (D)
  8 orcs (D)
  A kobold (D)
  2 giant cockroach zombies (D)
  A leopard gecko zombie (D)
147 creatures vanquished.

Grand Total: 287 creatures vanquished

Notes
Turn   | Place    | Note
-------+----------+-------------------------------------------
     0 | D        | equalderp2856 the Felid Fighter began the quest for the Orb.
     0 | D        | Reached XP level 1. HP: 10/10 MP: 2/2
    26 | D        | Found a radiant altar of Vehumet.
    26 | D        | Found a hide-covered altar of Uskayaw.
    26 | D        | Found an ancient bone altar of Kikubaaqudgha.
    26 | D        | Found a viscous altar of Jiyva.
    26 | D        | Found a hazy altar of Hepliaklqana.
    27 | D        | Found a bloodstained altar of Trog.
    27 | D        | Found a deep blue altar of Sif Muna.
    27 | D        | Found a sacrificial altar of Ru.
    27 | D        | Found a stormy altar of Qazlal.
    27 | D        | Found an iron altar of Okawaru.
    27 | D        | Found a sparkling altar of Nemelex Xobeh.
    27 | D        | Found an opulent altar of Gozag.
    27 | D        | Found a blossoming altar of Fedhas.
    27 | D        | Found a white marble altar of Elyvilon.
    27 | D        | Found a shadowy altar of Dithmenos.
    27 | D        | Found a snail-covered altar of Cheibriados.
    28 | D        | Found a glowing golden altar of the Shining One.
    28 | D        | Found a glowing silver altar of Zin.
    29 | D        | Found a burning altar of Makhleb.
    29 | D        | Found a basalt altar of Yredelemnul.
    29 | D        | Found a roughly hewn altar of Beogh.
    30 | D        | Found a corrupted altar of Lugonu.
    30 | D        | Found a shimmering altar of Xom.
    30 | D        | Found a shattered altar of Ashenzari.
    33 | D        | Became a worshipper of Gozag Ym Sagoz the Greedy
   315 | D        | Reached skill level 5 in Unarmed Combat
   316 | D        | Reached XP level 2. HP: 14/14 MP: 3/3
   321 | D        | Noticed a floating eye
   326 | D        | Paralysed by a floating eye for 4 turns
   331 | D        | Killed a floating eye
   331 | D        | Reached skill level 5 in Fighting
   331 | D        | Reached skill level 8 in Unarmed Combat
   331 | D        | Reached XP level 3. HP: 14/19 MP: 4/4
   331 | D        | Reached XP level 4. HP: 17/23 MP: 5/5
   426 | D        | Reached XP level 5. HP: 26/26 MP: 6/6
   479 | D        | Noticed a floating eye
   479 | D        | Noticed Ijyb
   497 | D        | Reached skill level 9 in Unarmed Combat
   507 | D        | Reached skill level 1 in Stealth
   507 | D        | Reached skill level 10 in Unarmed Combat
   512 | D        | Paralysed by a floating eye for 2 turns
   521 | D        | Paralysed by a floating eye for 3 turns
   529 | D        | Paralysed by a floating eye for 3 turns
   534 | D        | Paralysed by a floating eye for 4 turns
   540 | D        | Killed Ijyb
   540 | D        | Gained mutation: You are covered in thick fur. (AC +2) [Felid growth]
   540 | D        | Reached XP level 6. HP: 22/31 MP: 7/7
   553 | D        | Paralysed by a floating eye for 2 turns
   556 | D        | Reached skill level 11 in Unarmed Combat
   559 | D        | Killed a floating eye
   575 | D        | Reached skill level 12 in Unarmed Combat
   576 | D        | Reached XP level 7. HP: 33/36 MP: 8/8
   677 | D        | Noticed a redback
   677 | D        | Noticed an orc knight
   677 | D        | Noticed a troll
   686 | D        | Killed a troll
   686 | D        | Reached skill level 10 in Dodging
   686 | D        | Reached skill level 13 in Unarmed Combat
   739 | D        | Killed an orc knight
   739 | D        | Reached skill level 14 in Unarmed Combat
   739 | D        | Reached XP level 8. HP: 32/40 MP: 9/9
   745 | D        | Reached skill level 15 in Unarmed Combat
  1150 | D        | Noticed a komodo dragon
  1150 | D        | Noticed a lindwurm
  1193 | D        | Killed from afar by a lindwurm
  1194 | D        | Reached XP level 7. HP: -13/37 MP: 8/8
  1210 | D        | Killed a komodo dragon
  1210 | D        | Reached XP level 8. HP: 20/40 MP: 9/9
  1216 | D        | Killed a lindwurm
  1216 | D        | Reached skill level 5 in Stealth
  1216 | D        | Reached skill level 16 in Unarmed Combat
  1249 | D        | Noticed a two-headed ogre
  1285 | D        | Reached skill level 17 in Unarmed Combat
  1286 | D        | Reached XP level 9. HP: 35/45 MP: 10/10
  1471 | D        | Noticed a sea snake
  1471 | D        | Noticed a lindwurm
  1652 | D        | Killed a sea snake
  1652 | D        | Reached skill level 18 in Unarmed Combat
  1690 | D        | Killed from afar by a lindwurm
  1691 | D        | Reached XP level 8. HP: -9/41 MP: 9/9
  1706 | D        | Noticed a shadow wraith
  1706 | D        | Noticed Erolcha
  1723 | D        | Killed a shadow wraith
  1723 | D        | Reached XP level 9. HP: 45/45 MP: 10/10
  1731 | D        | Killed Erolcha
  1731 | D        | Reached skill level 19 in Unarmed Combat
  1740 | D        | Noticed a manticore
  1770 | D        | Killed a manticore
  1959 | D        | Noticed a spiny frog
  1959 | D        | Noticed a red devil
  1966 | D        | Noticed a merfolk
  1966 | D        | Noticed Donald
  1967 | D        | Noticed a hellwing
  1967 | D        | Noticed Sonja
  1977 | D        | Killed Donald
  1984 | D        | Killed a hellwing
  2004 | D        | Killed Sonja
  2004 | D        | Reached skill level 20 in Unarmed Combat
  2004 | D        | Reached XP level 10. HP: 31/49 MP: 11/11
  2063 | D        | Noticed an ogre mage
  2063 | D        | Noticed a shadow wraith
  2064 | D        | Noticed a deep elf mage
  2066 | D        | Noticed a spiny frog
  2067 | D        | Noticed a ghost moth
  2085 | D        | Killed a deep elf mage
  2125 | D        | Killed a spiny frog
  2150 | D        | Noticed Nergalle
  2151 | D        | Killed an ogre mage
  2157 | D        | Noticed a sun demon
  2157 | D        | Noticed a blizzard demon
  2158 | D        | Noticed a balrug
  2158 | D        | Noticed a sun demon
  2160 | D        | Noticed a vampire knight
  2160 | D        | Noticed a minotaur
  2160 | D        | Noticed a spriggan druid
  2160 | D        | Noticed an angel
  2162 | D        | Killed a ghost moth
  2162 | D        | Reached skill level 15 in Dodging
  2164 | D        | Killed a blizzard demon
  2164 | D        | Killed a spriggan druid
  2168 | D        | Noticed a cyan ugly thing
  2168 | D        | Noticed a spriggan defender
  2171 | D        | Killed a cyan ugly thing
  2172 | D        | Killed an eye of devastation
  2174 | D        | Noticed a lorocyproca
  2174 | D        | Killed a wizard
  2214 | D        | Noticed a spiny frog
  2221 | D        | Killed a spiny frog
  2221 | D        | Reached skill level 21 in Unarmed Combat
  2236 | D        | Noticed a vampire knight
  2238 | D        | Noticed a hill giant
  2245 | D        | Killed a hill giant
  2275 | D        | Noticed a naga warrior
  2275 | D        | Noticed a naga ritualist
  2276 | D        | Noticed a mummy priest
  2276 | D        | Noticed a naga warrior
  2278 | D        | Noticed a vampire mage
  2280 | D        | Noticed a phantasmal warrior
  2285 | D        | Killed a naga warrior
  2285 | D        | Reached XP level 11. HP: 53/53 MP: 12/12
  2288 | D        | Noticed an ancient lich
  2289 | D        | Noticed a purple draconian
  2289 | D        | Killed a vampire mage
  2289 | D        | Killed a mummy priest
  2290 | D        | Noticed a reaper
  2290 | D        | Killed a naga ritualist
  2291 | D        | Killed a naga warrior
  2292 | D        | Killed a purple draconian
  2292 | D        | Killed a deep elf annihilator
  2308 | D        | Noticed Frances
  2314 | D        | Your ally died
  2316 | D        | Noticed a deep elf high priest
  2316 | D        | Noticed a sphinx
  2316 | D        | Noticed a red draconian
  2316 | D        | Noticed a deep elf death mage
  2318 | D        | Noticed a white draconian monk
  2318 | D        | Killed a sphinx
  2319 | D        | Killed a deep elf high priest
  2321 | D        | Noticed a lich
  2325 | D        | Noticed a deep elf death mage
  2325 | D        | Killed a vampire knight
  2326 | D        | Killed a fire giant
  2327 | D        | Killed an angel
  2327 | D        | Killed a lich
  2327 | D        | Reached skill level 22 in Unarmed Combat
  2330 | D        | Killed a wolf spider
  2330 | D        | Killed an ogre mage
  2333 | D        | Killed a bone dragon
  2334 | D        | Noticed a deep elf annihilator
  2334 | D        | Reached skill level 10 in Stealth
  2340 | D        | Noticed a nagaraja
  2340 | D        | Noticed a black draconian knight
  2355 | D        | Killed a nagaraja
  2368 | D        | Killed a vampire knight
  2391 | D        | Noticed a yellow draconian
  2392 | D        | Noticed a black draconian knight
  2407 | D        | Killed a merfolk javelineer
  2410 | D        | Killed a deep elf sorcerer
  2510 | D        | Got the ring "Aneytiq" {*Drain rElec rPois rC+++ Int+6}
  2512 | D        | Got the ring "Qecseguq" {rPois MR+}
  2551 | D        | Got the ring of Owaur {MR+ EV+6 Dex+2}
  2553 | D        | Got the ring of Bonoduco {Wiz MR+}
  2585 | D        | Learned a level 6 spell: Iron Shot
  2598 | D        | Got the amulet of Gusoonarow {Spirit rElec Str+3}
  2647 | D        | Noticed Elot the pandemonium lord
  2651 | D        | Noticed a frost giant
  2654 | D        | Noticed a lich
  2660 | D        | Noticed Gofir the pandemonium lord
  2663 | D        | Noticed an electric golem
  2665 | D        | Killed an electric golem
  2668 | D        | Noticed a Killer Klown
  2668 | D        | Noticed an apis
  2668 | D        | Noticed Kunweuxa the pandemonium lord
  2668 | D        | Noticed a white draconian
  2668 | D        | Noticed Nikola
  2668 | D        | Noticed a lich
  2668 | D        | Noticed a death knight
  2668 | D        | Noticed a green death
  2670 | D        | Killed a green death
  2671 | D        | Noticed a blizzard demon
  2671 | D        | Killed a death knight
  2671 | D        | Killed an apis
  2674 | D        | Noticed a Brimstone Fiend
  2685 | D        | Noticed a golden dragon
  2688 | D        | Banished Kunweuxa the pandemonium lord
  2718 | D        | Your ally Elot died
  2722 | D        | Killed a black draconian knight
  2757 | D        | Noticed a deep elf high priest
  2766 | D        | Killed a deep elf high priest
  2766 | D        | Reached skill level 5 in Spellcasting
  2766 | D        | Reached skill level 5 in Conjurations
  2766 | D        | Reached skill level 5 in Earth Magic
  2767 | D        | Noticed a Brimstone Fiend
  2774 | D        | Killed a Brimstone Fiend
  2774 | D        | Gained mutation: Your thick and shaggy fur keeps you warm. (AC +3, rC+) [Felid growth]
  2774 | D        | Reached XP level 12. HP: 17/57 MP: 7/21
  2778 | D        | Killed a Killer Klown
  2868 | D        | Noticed a lich
  2875 | D        | Killed a lich
  2934 | D        | Killed a black draconian knight
  2947 | D        | Killed a yellow draconian
  3035 | D        | Noticed an alligator snapping turtle
  3081 | D        | Killed a deep elf annihilator
  3130 | D        | Noticed a lorocyproca
  3132 | D        | Noticed an orc warlord
  3138 | D        | Noticed a bone dragon
  3145 | D        | Noticed a deep elf annihilator
  3171 | D        | Killed a bone dragon
  3210 | D        | Noticed a fire giant
  3211 | D        | Killed an orc warlord
  3214 | D        | Noticed a purple draconian knight
  3214 | D        | Noticed Focweh the pandemonium lord
  3215 | D        | Noticed an ettin
  3216 | D        | Noticed a profane servitor
  3216 | D        | Noticed a titan
  3216 | D        | Noticed a frost giant
  3216 | D        | Noticed a deep elf death mage
  3216 | D        | Noticed an ice dragon
  3219 | D        | Killed an ettin
  3219 | D        | Killed a deep elf death mage
  3223 | D        | Killed a titan
  3223 | D        | Killed a ghostly ettin
  3228 | D        | Killed an ice dragon
  3232 | D        | Killed a yellow draconian zealot
  3238 | D        | Killed a deep elf death mage
  3242 | D        | Killed a ghostly deep elf death mage
  3244 | D        | Noticed a storm dragon
  3244 | D        | Noticed an orc warlord
  3245 | D        | Killed a storm dragon
  3257 | D        | Noticed a death yak
  3301 | D        | Killed a blizzard demon
  3407 | D        | Noticed a white draconian monk
  3425 | D        | Noticed Polyphemus
  3425 | D        | Noticed a red draconian
  3425 | D        | Noticed a green draconian caller
  3425 | D        | Noticed a deep elf master archer
  3425 | D        | Noticed a death yak
  3425 | D        | Noticed a death yak
  3425 | D        | Noticed a death yak
  3430 | D        | Killed a green draconian caller
  3431 | D        | Killed a deep elf master archer
  3436 | D        | Killed a death yak
  3437 | D        | Killed Polyphemus
  3439 | D        | Killed a red draconian
  3441 | D        | Killed a death yak
  3451 | D        | Killed a death yak
  3530 | D        | Noticed an alligator snapping turtle
  3534 | D        | Killed Nergalle
  3540 | D        | Killed a mummy priest
  3542 | D        | Killed an alligator snapping turtle
  3598 | D        | Killed a purple draconian
  3603 | D        | Killed a naga warrior
  3671 | D        | Killed a naga warrior
  3685 | D        | Killed a naga warrior
  3817 | D        | Noticed an orc high priest
  3819 | D        | Killed an alligator snapping turtle
  3823 | D        | Killed an orc high priest
  3833 | D        | Noticed an ogre mage
  3854 | D        | Killed a profane servitor
  3870 | D        | Killed a purple draconian knight
  3904 | D        | Killed from afar by an ogre mage
  3905 | D        | Reached XP level 11. HP: 0/53 MP: 0/25
  3906 | D        | Noticed a vault guard
  3906 | D        | Noticed a yaktaur captain
  3906 | D        | Noticed a deep elf mage
  3906 | D        | Noticed an orc knight
  3906 | D        | Noticed an orc knight
  3906 | D        | Noticed an orc knight
  3906 | D        | Noticed an orc warlord
  3907 | D        | Noticed an orc knight
  3907 | D        | Noticed an orc knight
  3907 | D        | Noticed an orc warlord
  3907 | D        | Noticed a deep elf knight
  3907 | D        | Noticed a vault guard
  3907 | D        | Noticed an orc knight
  3907 | D        | Noticed an orc knight
  3908 | D        | Killed a vault guard
  3909 | D        | Killed an orc knight
  3911 | D        | Noticed an orc knight
  3913 | D        | Killed an orc knight
  3913 | D        | Killed an orc knight
  3915 | D        | Killed an orc knight
  3917 | D        | Killed an orc warlord
  3919 | D        | Killed an orc knight
  3921 | D        | Killed an orc knight
  3921 | D        | Killed an orc knight
  3921 | D        | Killed an orc knight
  3924 | D        | Noticed a hell beast
  3924 | D        | Killed an orc knight
  3924 | D        | Killed an orc knight
  3926 | D        | Killed an emperor scorpion
  3927 | D        | Killed a hell beast
  3931 | D        | Noticed a deep elf knight
  3934 | D        | Killed a deep elf knight
  3937 | D        | Killed a phantasmal warrior
  3938 | D        | Killed a deep elf knight
  3939 | D        | Killed a necromancer
  3944 | D        | Killed a hell knight
  3946 | D        | Killed a hell knight
  3948 | D        | Killed a hell knight
  3957 | D        | Killed a necromancer
  4055 | D        | Killed an ogre mage
  4142 | D        | Killed a vault guard
  4145 | D        | Killed an orc warlord
  4165 | D        | Killed a sphinx
  4213 | D        | Killed a naga warrior
  4264 | D        | Killed a deep elf knight
  4291 | D        | Noticed a hellephant
  4313 | D        | Killed from afar by a hellephant

Skill      XL: |  1  2  3  4  5  6  7  8  9 10 11 12 |
---------------+-------------------------------------+-----
Unarmed Combat | 5 8 10 12 14 17 20 21 22 | 22.5
Fighting       | 5 6 7 8 9 |  9.6
Dodging        | 6 7 8 9 11 12 14 15 16 | 16.7
Stealth        | 1 3 5 6 8 10 | 10.1
Spellcasting   | 5 9 |  9.9
Conjurations   | 5 9 |  9.9
Earth Magic    | 5 9 |  9.8

Action                   |  1- 3 |  4- 6 |  7- 9 | 10-12 || total
-------------------------+-------+-------+-------+-------++-------
Melee: Unarmed           |    15 |    56 |   168 |    53 ||   292
       Bite              |     1 |     7 |    29 |     7 ||    44
       Punch             |       |     2 |    15 |     5 ||    22
Invok: Bribe Branch      |       |       |     1 |     2 ||     3
  Use: Potion            |     1 |     2 |    12 |     2 ||    17
       Scroll            |       |       |       |     2 ||     2
 Stab: Sleeping          |       |       |       |     3 ||     3
       Distracted        |       |       |       |     2 ||     2
  Eat: Meat ration       |       |       |       |     1 ||     1
Dodge: Dodged            |    23 |    42 |   143 |    58 ||   266
